 Dungeon Crawl Stone Soup version 0.16.0-17-g811c1d7 (webtiles) character file.

165 esc the Skirmisher (level 5, 0/42 HPs)
             Began as a Demonspawn Berserker on Mar 20, 2015.
             Was a Believer of Trog.
             Slain by an orc priest
             ... wielding a +0 hand axe
              (4 damage)
             ... on level 3 of the Dungeon.
             The game lasted 00:04:19 (1780 turns).

esc the Skirmisher (Demonspawn Berserker)           Turns: 1780, Time: 00:04:19

Health: 0/42       AC: 11    Str: 18    XL:     5   Next: 21%
Magic:  5/5        EV: 13    Int:  8    God:    Trog [**....]
Gold:   170        SH:  0    Dex: 13    Spells: 0 memorised, 4 levels left

rFire  + . .     SeeInvis .     a - +1 mace
rCold  . . .     Clarity  .     b - +0 animal skin
rNeg   . . .     SustAb   .     (no shield)
rPois  .         Gourm    .     (no helmet)
rElec  .         Spirit   .     (no cloak)
rCorr  .         Warding  .     f - +2 pair of gloves
rMut   .         Stasis   .     (no boots)
MR     .....                    (no amulet)
Stlth  +.........               (no ring)
                                j - ring of protection from fire

@: not resistant to hostile enchantments, very unstealthy
A: iridescent scales 2
a: Burn Spellbooks, Berserk, Trog's Hand, Renounce Religion


You were on level 3 of the Dungeon.
You worshipped Trog.
Trog was pleased with you.
You were not hungry.

You visited 1 branch of the dungeon, and saw 3 of its levels.

You collected 170 gold pieces.

Inventory:

Hand weapons
 a - a +1 mace (weapon)
Missiles
 m - a throwing net (quivered)
Armour
 b - a +0 animal skin (worn)
 f - a +2 pair of gloves (worn)
Jewellery
 j - a ring of protection from fire (left hand)
Magical devices
 h - a wand of fireball (4)
Scrolls
 l - a scroll of enchant weapon
Potions
 d - a potion of lignification
 e - 2 potions of curing {unknown}
 g - a potion of cure mutation {unknown}
 k - 2 potions of heal wounds {unknown}
Comestibles
 c - 3 bread rations


   Skills:
 + Level 4.2 Fighting
 + Level 3.8 Maces & Flails
 - Level 1.7 Armour
 + Level 3.1 Dodging


You had 4 spell levels left.
You didn't know any spells.

Dungeon Overview and Level Annotations

Branches:
Dungeon (3/15)

Altars:


Innate Abilities, Weirdness & Mutations

You are mostly covered in iridescent scales (AC +6).


Message History

The orc closely misses you. The orc hits you but does no damage.
You hit the orc.
The orc is severely wounded.
The orc hits you but does no damage.
You hit the orc!
You kill the orc!
Trog accepts your kill.
You barely miss the orc. The orc closely misses you.
The orc priest invokes the aid of Beogh against you.
Something smites you!
You sock the orc!!
You kill the orc!
Trog accepts your kill.
The orc priest invokes the aid of Beogh against you.
Something smites you!
* * * LOW HITPOINT WARNING * * *
Items here: ))) [[ †† You completely miss the orc priest.
The orc priest hits you with a hand axe.
You die...

#.....# #.# #.# #.# ##
#.....# #.# #.# #.#
.#####....# #.# #.# #.#
..........###.# #.# #.#
..............##########.#
#.#
......##########.(.......#
#.# #.....# #.#########
#.# #.....# #.# #.#
####### #@# #.#.# #o#
#.#.# #o# #.#.# #.# #.#.#
#.# #.#.# ##############.#
#.#.# #............#.#
#.#.# #.##########.#.#
#.#.# #.# #.#.# #.#.####


You could see 2 orc priests.

Vanquished Creatures
  An orc wizard (D:3)
  Ijyb (D:2)
  4 gnolls (D:3)
  3 adders (D:3)
  A worm (D:2)
  3 orcs (D:3)
  A ball python (D:3)
  8 bats
  3 hobgoblins
  5 giant cockroaches
  4 giant newts
  9 goblins
  8 kobolds
  8 rats
59 creatures vanquished.

Notes
Turn   | Place    | Note
--------------------------------------------------------------
     0 | D:1      | esc, the Demonspawn Berserker, began the quest for the Orb.
     0 | D:1      | Reached XP level 1. HP: 18/18 MP: 1/1
   316 | D:1      | Gained mutation: You are partially covered in iridescent scales (AC +4). [demonic ancestry]
   316 | D:1      | Reached XP level 2. HP: 24/24 MP: 2/2
   608 | D:2      | Noticed Ijyb
   615 | D:2      | Killed Ijyb
   615 | D:2      | Acquired Trog's second power
   615 | D:2      | Gained mutation: You are mostly covered in iridescent scales (AC +6). [demonic ancestry]
   615 | D:2      | Reached XP level 3. HP: 27/29 MP: 3/3
  1110 | D:3      | Reached XP level 4. HP: 25/37 MP: 4/4
  1437 | D:3      | Reached skill level 4 in Fighting
  1771 | D:3      | Reached XP level 5. HP: 27/42 MP: 5/5
  1780 | D:3      | Slain by an orc priest

Action                   |  1- 3 |  4- 6 || total
-------------------------+-------+-------++-------
Melee: Mace              |    82 |    66 ||   148
  Use: Scroll            |     6 |     2 ||     8
 Stab: Sleeping          |       |     1 ||     1
  Eat: Chunk             |     1 |     2 ||     3
